 Dungeon Crawl Stone Soup version 0.28-a0-863-g8cecda6153 (webtiles) character file.

Game seed: 6461848164082693899

584 cheechan the Bolt Thrower (level 7, -9/47 HPs)
             Began as an Octopode Hunter on Nov 18, 2021.
             Mangled by a gnoll sergeant (14 damage)
             ... on level 4 of the Dungeon.
             The game lasted 00:15:16 (4068 turns).

cheechan the Bolt Thrower (Octopode Hunter)         Turns: 4068, Time: 00:15:16

Health: -9/47      AC:  1    Str: 12    XL:     7   Next: 37%
Magic:  7/7        EV: 18    Int: 14    God:
Gold:   146        SH:  0    Dex: 19    Spells: 6/6 levels left

rFire   . . .      SeeInvis .   n - +2 short sword (freeze)
rCold   . . .      Faith    .   (no shield)
rNeg    . . .      Spirit   .   (helmet restricted)
rPois   +          Reflect  .   (no amulet)
rElec   .          Harm     .   d - ring of poison resistance
rCorr   .          Rampage  .   f - ring of wizardry
Will    .....                   g - +6 ring of dexterity
Stlth   ++++......              s - +4 ring of evasion
HPRegen 0.15/turn               (no ring)
MPRegen 0.10/turn               (no ring)
                                (no ring)
                                (no ring)

@: no status effects
A: almost no armour, amphibious, 8 rings, camouflage 1, gelatinous body 1,
(nimble swimmer 1), tentacles
a: no special abilities


You were on level 4 of the Dungeon.
You visited 1 branch of the dungeon, and saw 5 of its levels.

You collected 146 gold pieces.

Inventory:

Hand Weapons
 a - a +1 hand crossbow
 n - a +2 short sword of freezing (weapon)
 o - a +3 dire flail of holy wrath
 q - a +3 whip
Missiles
 c - a bolt
 e - 29 poisoned darts
 p - 16 arrows
Jewellery
 d - a ring of poison resistance (left tentacle)
 f - a ring of wizardry (right tentacle)
 g - a +6 ring of dexterity (on tentacle)
 s - a +4 ring of evasion (on tentacle)
Wands
 b - a wand of flame (14) (quivered)
 l - a wand of polymorph (3)
Scrolls
 r - a scroll of immolation
Potions
 h - a potion of curing
 i - 2 potions of heal wounds {unknown}
 j - a potion of resistance {unknown}
 k - a potion of berserk rage {unknown}
 m - a potion of mutation {unknown}


   Skills:
 + Level 3.8 Fighting
 + Level 1.6 Short Blades
 + Level 6.6 Crossbows
 + Level 0.9 Throwing
 + Level 3.1 Dodging
 + Level 3.3 Stealth
 + Level 1.0 Evocations


You had 6 spell levels left.
You didn't know any spells.
Your spell library contained the following spells:

 Spells                   Type           Power      Damage    Failure   Level
 Animate Skeleton         Necr           0%         N/A       12%         1
 Apportation              Tloc           0%         N/A       12%         1
 Summon Small Mammal      Summ           0%         N/A       12%         1


Dungeon Overview and Level Annotations

Branches:
Dungeon (5/15)
 Temple: D:4-7

Altars:

Shops:
D:2 [   D:3 **(?   D:4 :[


Innate Abilities, Weirdness & Mutations

You cannot wear most types of armour.
You are amphibious.
You can wear up to eight rings at the same time.
Your skin changes colour to match your surroundings (Stealth+).
Your rubbery body absorbs attacks. (AC +1, EV +1)
((You are camouflaged near water. (Stealth+)))
You have tentacles for arms and can constrict up to eight enemies at once.


Message History

You kill the gnoll!
You start resting.
HP restored.
You climb upwards.
There is a stone staircase leading down, spattered with blood here.
Aiming: Throw Flame
Press: ? - help, Q - select action, (/) - cycle Shift-Dir - straight line, f - gnoll sergeant
Aim: a gnoll sergeant, wielding a +0 spear and wearing a +0 ring mail (77% to hit)
The puff of flame misses the gnoll sergeant.
Unknown command.
Aiming: Throw Flame
Press: ? - help, Q - select action, (/) - cycle Shift-Dir - straight line, f/p - gnoll sergeant
Aim: a gnoll sergeant, wielding a +0 spear and wearing a +0 ring mail (77% to hit)
The puff of flame hits the gnoll sergeant but does no damage.
Unknown command.
The gnoll sergeant hits you with a +0 spear!
You hit the gnoll sergeant. You freeze the gnoll sergeant.
You grab the gnoll sergeant.
The gnoll sergeant is lightly wounded.
You constrict the gnoll sergeant, but do no damage.
The gnoll sergeant hits you with a +0 spear!
You hit the gnoll sergeant but do no damage.
The gnoll sergeant is lightly wounded.
You constrict the gnoll sergeant.
The gnoll sergeant hits you with a +0 spear.
You hit the gnoll sergeant. You freeze the gnoll sergeant.
The gnoll sergeant is heavily wounded.
You constrict the gnoll sergeant.
The gnoll sergeant hits you with a +0 spear!
You hit the gnoll sergeant but do no damage.
The gnoll sergeant is heavily wounded.
You constrict the gnoll sergeant. The gnoll sergeant barely misses you.
You hit the gnoll sergeant. You freeze the gnoll sergeant.
The gnoll sergeant is severely wounded.
You constrict the gnoll sergeant.
The gnoll sergeant hits you with a +0 spear!
* * * LOW HITPOINT WARNING * * *
You release your grip on the gnoll sergeant.
The gnoll sergeant hits you from afar with a +0 spear!
You die...

#.. ##### #... ....# #....
##....# #...> +.....+ ...
#.....# ####'##.....### ##
#......>####...# ####..
#....g.@.......###......
#......####.............
#......'................
#......####.............
#......####.............
#####....##..)....# #..
#######....##.......####..
#.....'.....).###.........
#.#####.........#...#..#..


You could see a gnoll sergeant.

Vanquished Creatures
  Edmund (D:5)
  A water moccasin (D:3)
  An ogre (D:5)
  A howler monkey (D:4)
  An orc priest (D:3)
  An iguana (D:5)
  2 hound skeletons (D:4)
  3 gnolls
  5 adders
  An adder skeleton (D:4)
  2 dart slugs
  3 orcs (D:3)
  8 endoplasms
  2 giant cockroaches
  6 goblins
  4 hobgoblins
  9 jackals
  7 kobolds
  2 quokkas
  5 ball pythons
  4 bats (D:3)
  4 frilled lizards
  6 rats
79 creatures vanquished.

Vanquished Creatures (others)
  4 fungi (D:3)
  7 plants (D:3)
  2 withered plants (D:4)
13 creatures vanquished.

Grand Total: 92 creatures vanquished

Notes
Turn   | Place    | Note
-------+----------+-------------------------------------------
     0 | D:1      | cheechan the Octopode Hunter began the quest for the Orb.
     0 | D:1      | Reached XP level 1. HP: 14/14 MP: 1/1
   367 | D:1      | Reached XP level 2. HP: 15/19 MP: 2/2
  1127 | D:2      | Reached XP level 3. HP: 22/24 MP: 3/3
  1359 | D:2      | Reached skill level 5 in Crossbows
  1550 | D:2      | Found Bihouphe's Antique Armour Boutique.
  1771 | D:2      | Reached XP level 4. HP: 22/30 MP: 4/4
  1912 | D:3      | Found Kirchots's Assorted Antiques.
  2036 | D:3      | Found Geir Pyelaecw's Assorted Antiques.
  2038 | D:3      | Found Muzeuh's Weapon Shop.
  2266 | D:3      | Found Araschoe's Magic Scroll Shop.
  2268 | D:3      | Noticed a water moccasin
  2273 | D:3      | Reached XP level 5. HP: 36/36 MP: 5/5
  2278 | D:3      | Killed a water moccasin
  2279 | D:3      | Reached skill level 6 in Crossbows
  2279 | D:3      | Reached XP level 6. HP: 29/42 MP: 6/6
  2697 | D:3      | Found a faded altar of an unknown god.
  2904 | D:4      | Found Wani's Antique Armour Shop.
  2946 | D:4      | Found Itax's Book Shoppe.
  3132 | D:4      | Noticed Edmund
  3192 | D:5      | Entered Level 5 of the Dungeon
  3193 | D:5      | HP: 2/42 [iguana (14)]
  3199 | D:5      | Reached skill level 1 in Short Blades
  3502 | D:5      | Reached XP level 7. HP: 19/46 MP: 7/7
  3686 | D:5      | Killed Edmund
  3687 | D:5      | Reached skill level 1 in Evocations
  4068 | D:4      | Mangled by a gnoll sergeant

Illustrated notes

Levels and vault maps discovered:
D:1:      elethiomel_arrival_infinity_welcomes_careful_drivers, layout_basic
D:2:      layout_loops_ring, serial_shops, shop, st_stairs_8
D:3:      layout_basic, dreamdust_ecumenical_altar_grove, serial_shops,
          nicolae_shop_competitors_out_of_business,
          nicolae_shop_bloodbath_and_beyond, shop, shop
D:4:      layout_basic, gammafunk_ghost_cemetery, serial_shops,
          nicolae_shop_competitors_out_of_business, shop, shop, kennysheep_mini,
          minmay_fractal_squares_diagonal_5, uniq_edmund,
          uniq_crazy_yiuf_cottage, uniq_ijyb
D:5:      kennysheep_spiral_hall, layout_basic,
          chequers_temple_overflow_minitemple, kennysheep_mini_moat,
          serial_shops, kennysheep_little_box, uniq_grinder

Skill      XL: |  1  2  3  4  5  6  7 |
---------------+----------------------+-----
Crossbows      | 5 6 |  6.6
Stealth        | 2 3 |  3.3
Fighting       | 3 |  3.8
Short Blades   | 1 |  1.6
Dodging        | 3 |  3.1
Evocations     | 1 |  1.0
Throwing       | |  0.9

Action                   |  1- 3 |  4- 6 |  7- 9 || total
-------------------------+-------+-------+-------++-------
Melee: Hand crossbow     |       |    26 |       ||    26
       Constrict         |       |    16 |     3 ||    19
       Short sword       |       |    28 |    15 ||    43
       Tentacles         |       |    13 |     2 ||    15
 Fire: Hand crossbow     |    70 |    48 |       ||   118
Throw: Dart              |     1 |     7 |       ||     8
Evoke: Wand              |       |    10 |     2 ||    12
  Use: Scroll            |     1 |     5 |       ||     6
       Potion            |       |     1 |       ||     1
 Stab: Sleeping          |       |     1 |       ||     1
Armor: Skin              |     4 |     5 |       ||     9
Dodge: Dodged            |    17 |    99 |    12 ||   128

Table legend: (Time is in decaauts)
 A = Elapsed time spent in this place.
 B = Non-inter-level travel time spent in this place.
 C = Inter-level travel time spent in this place.
 D = Time resting spent in this place.
 E = Time spent auto-exploring this place.
 F = Levels seen in this place.
 G = Mean time per level.
                   A        B        C        D        E       F      G
               +--------+--------+--------+--------+--------+-----+--------+
         Total |   4108 |   4108 |      0 |   1091 |      0 |   5 |  821.6 |
       Dungeon |   4108 |   4108 |      0 |   1091 |      0 |   5 |  821.6 |
               +--------+--------+--------+--------+--------+-----+--------+

Top non-repeatable levels by time:
     D:1: 1041 daAuts
     D:3: 977 daAuts
     D:2: 888 daAuts
     D:5: 858 daAuts
     D:4: 342 daAuts
